 Dungeon Crawl Stone Soup version 0.22.0-38-g04b72b8 (webtiles) character file.

1098 ssg the Insei (level 8, -5/56 HPs)
             Began as an Octopode Transmuter on Aug 27, 2018.
             Slain by a black bear (9 damage)
             ... on level 6 of the Dungeon.
             The game lasted 00:11:28 (6751 turns).

ssg the Insei (Octopode Transmuter)                 Turns: 6751, Time: 00:11:29

Health: -5/56      AC:  1    Str: 12    XL:     8   Next: 32%
Magic:  10/11      EV: 13    Int: 17    God:
Gold:   357        SH:  0    Dex: 17    Spells: 0/11 levels left

rFire    + . .     SeeInvis .     - Unarmed
rCold    . . .     Gourm    +   (no shield)
rNeg     . . .     Faith    .   (helmet restricted)
rPois    .         Spirit   .   n - amulet of the gourmand
rElec    .         Reflect  .   h - ring of flight
rCorr    +         Harm     .   d - ring of protection from magic
MR       +....                  r - ring of resist corrosion
Stlth    +++.......             x - +5 ring of dexterity
HPRegen  0.18/turn              (no ring)
MPRegen  0.12/turn              (no ring)
                                (no ring)
                                (no ring)

@: about to teleport, drained
A: almost no armour, stealthy swim, amphibious, 8 rings, constrict 8, camouflage
1, clever 1, fire resistance 1, gelatinous body 1, subdued magic 1
a: Evoke Flight


You were on level 6 of the Dungeon.
You were not hungry.

You visited 1 branch of the dungeon, and saw 6 of its levels.

You collected 357 gold pieces.

Inventory:

Missiles
 a - 48 arrows
 e - 8 javelins (quivered)
 t - a throwing net
 y - 2 tomahawks
Jewellery
 d - a ring of protection from magic (right tentacle)
 h - a ring of flight (left tentacle)
 n - an amulet of the gourmand (around mantle)
 r - a ring of resist corrosion (on tentacle)
 x - a +5 ring of dexterity (on tentacle)
Wands
 p - a wand of disintegration (15)
Scrolls
 b - a scroll of fog {unknown}
 g - a scroll of amnesia {unknown}
 i - 2 scrolls of identify
 j - 3 scrolls of teleportation
 k - 2 scrolls of magic mapping {unknown}
 m - 3 scrolls of fear {unknown}
 u - 2 scrolls of remove curse {unknown}
 v - a scroll of blinking {unknown}
 w - a scroll of enchant weapon {unknown}
 A - a scroll of summoning {unknown}
Potions
 f - a potion of ambrosia
 l - 2 potions of might
 o - 2 potions of flight
 q - 2 potions of curing
 z - a potion of invisibility
 B - a potion of haste
Comestibles
 c - 10 rations


   Skills:
 + Level 5.4(4.5) Fighting
 - Level 2.0(1.2) Dodging
 + Level 6.2(5.4) Unarmed Combat
 - Level 2.0(1.2) Spellcasting
 + Level 5.8(4.9) Transmutations


You couldn't memorise any spells.
You knew the following spells:

 Your Spells              Type           Power        Failure   Level  Hunger
a - Beastly Appendage     Tmut           ##....       1%          1    ##.....
b - Sticks to Snakes      Tmut           ##......     3%          2    ###....
c - Spider Form           Tmut/Pois      #.........   19%         3    ####...
d - Blade Hands           Tmut           ##........   54%         5    ######.

Your spell library contained the following spells:

 Spells                   Type           Power        Failure   Level  Hunger
 Ice Form                 Ice/Tmut       #.......     54%         4    #####..


Dungeon Overview and Level Annotations

Branches:
Dungeon (6/15)
 Temple: D:4-7

Altars:
Elyvilon
Ru
The Shining One

Annotations:
D:5 1 runed door


Innate Abilities, Weirdness & Mutations

You cannot wear most types of armour.
You are very stealthy in the water. (Stealth+)
You are amphibious.
You can wear up to eight rings at the same time.
You can use your tentacles to constrict eight enemies at once.
Your skin changes colour to match your surroundings (Stealth+).
Your rubbery body absorbs attacks. (AC +1, EV +1)
Your mind is acute. (Int +2)
Your flesh is heat resistant. (rF+)
Your spells are a little easier to cast, but a little less powerful.


Message History

You hear a shout!
Your transformation has ended.
The black bear bites you!
* * * LOW HITPOINT WARNING * * *
The black bear claws you.
* * * LOW HITPOINT WARNING * * *
The black bear barely misses you.
You feel much better. The black bear bites you.
The black bear closely misses you. x2; The black bear bites you!
The black bear barely misses you.
The black bear claws you but does no damage.
Okay, then.
Okay, then.
As you read the scroll of teleportation, it crumbles to dust.
You feel strangely unstable. The black bear bites you!
* * * LOW HITPOINT WARNING * * *
The black bear closely misses you. The black bear claws you.
* * * LOW HITPOINT WARNING * * *
The black bear bites you!
You die...

...=...............# #.
...#.≈.≈.#.....#...####. ....
.....#.#≈.≈.≈#............#. ....
#.......#...#..#...#...#.##. ....
#.......#.≈.#..#...+...+ #.
....##.......#...#..#...#...## #.
.............#.≈l#..#...##...# ##
#........#...#.hh#......##...#
#........#...#.≈@#....####...####
#................
..............######.####......#.
....#....#....z..###...........+.
.........#.#####.......#.......#.


You could see a black bear (berserk), a howler monkey and a leopard gecko.

Vanquished Creatures
  A phantom (D:5)
  A bullfrog (D:5)
  4 scorpions
  A howler monkey (D:5)
  2 wights (D:5)
  A quasit (D:5)
  A crimson imp (D:5)
  A bullfrog skeleton (D:5)
  An orc priest (D:5)
  A jelly (D:5)
  Jessica (D:2)
  An iguana (D:5)
  Natasha (twice) (D:4)
  2 orc wizards
  A worker ant (D:4)
  Robin (D:3)
  4 gnolls
  5 adders
  2 shadow imps
  3 oozes
  An adder skeleton (D:4)
  5 worms
  3 leopard geckos
  16 orcs
  7 giant cockroaches
  21 goblins
  9 hobgoblins
  16 jackals
  10 kobolds
  2 quokkas
  A ball python (D:4)
  9 bats
  8 frilled lizards
  2 goblin skeletons (D:5)
  3 goblin zombies (D:5)
  3 hobgoblin zombies (D:5)
  A kobold skeleton (D:5)
  2 orc skeletons (D:5)
  5 orc zombies (D:5)
  A quokka skeleton (D:4)
  9 rats
170 creatures vanquished.

Vanquished Creatures (collateral kills)
  A frilled lizard (D:1)
1 creature vanquished.

Grand Total: 171 creatures vanquished

Notes
Turn   | Place    | Note
-------+----------+-------------------------------------------
     0 | D:1      | ssg the Octopode Transmuter began the quest for the Orb.
     0 | D:1      | Reached XP level 1. HP: 13/13 MP: 3/3
   134 | D:1      | Reached XP level 2. HP: 17/18 MP: 5/5
   227 | D:1      | Learned a level 2 spell: Sticks to Snakes
   501 | D:1      | Reached XP level 3. HP: 18/24 MP: 6/6
   611 | D:1      | Learned a level 3 spell: Spider Form
  1078 | D:2      | Noticed Jessica
  1083 | D:2      | Killed Jessica
  1083 | D:2      | Reached XP level 4. HP: 29/29 MP: 2/7
  1449 | D:2      | Reached skill level 4 in Unarmed Combat
  1449 | D:2      | Reached XP level 5. HP: 28/36 MP: 1/8
  1921 | D:3      | Noticed Robin
  1959 | D:3      | Killed Robin
  2068 | D:3      | Reached XP level 6. HP: 7/42 MP: 6/9
  3493 | D:3      | Reached skill level 5 in Unarmed Combat
  3496 | D:3      | Reached XP level 7. HP: 31/47 MP: 7/10
  3937 | D:4      | Noticed Natasha
  3947 | D:4      | Killed Natasha
  4078 | D:4      | Noticed Natasha
  4087 | D:4      | Killed Natasha
  4161 | D:5      | Entered Level 5 of the Dungeon
  4530 | D:5      | Reached skill level 5 in Transmutations
  5058 | D:5      | Gained mutation: Potions are less effective at restoring your health. [potion of mutation]
  5058 | D:5      | Gained mutation: Your flesh is heat resistant. (rF+) [potion of mutation]
  5058 | D:5      | Gained mutation: You expend magic power (3 MP) to strengthen your wands. [potion of mutation]
  5059 | D:5      | Lost mutation: Potions are less effective at restoring your health. [potion of mutation]
  5059 | D:5      | Lost mutation: You expend magic power (3 MP) to strengthen your wands. [potion of mutation]
  5059 | D:5      | Gained mutation: Your spells are a little easier to cast, but a little less powerful. [potion of mutation]
  5059 | D:5      | Gained mutation: Your mind is acute. (Int +2) [potion of mutation]
  5095 | D:5      | Found a glowing golden altar of the Shining One.
  5215 | D:5      | Found a white marble altar of Elyvilon.
  5215 | D:5      | Noticed an angel
  5216 | D:5      | Found a runed door.
  5328 | D:5      | Reached XP level 8. HP: 31/54 MP: 7/11
  5335 | D:5      | Reached skill level 5 in Fighting
  5786 | D:5      | Reached skill level 6 in Unarmed Combat
  5941 | D:5      | Found a sacrificial altar of Ru.
  6349 | D:5      | Learned a level 5 spell: Blade Hands
  6736 | D:6      | Found a sacrificial altar of Ru.
  6751 | D:6      | Slain by a black bear

Skill      XL: |  1  2  3  4  5  6  7  8 |
---------------+-------------------------+-----
Fighting       | 2 3 4 5 |  5.4
Transmutations | 3 4 5 |  5.8
Unarmed Combat | 4 5 6 |  6.2
Dodging        | |  2.0
Spellcasting   | |  2.0

Action                   |  1- 3 |  4- 6 |  7- 9 || total
-------------------------+-------+-------+-------++-------
Melee: Unarmed           |    80 |   203 |   171 ||   454
       Constrict         |    24 |    30 |    23 ||    77
       Tentacles         |    16 |    26 |    14 ||    56
       Kick              |     9 |     1 |       ||    10
       Punch             |       |     3 |     5 ||     8
 Cast: Beastly Appendage |     3 |     2 |       ||     5
       Sticks to Snakes  |     2 |     2 |     1 ||     5
       Spider Form       |     1 |     8 |    12 ||    21
       Blade Hands       |       |       |     1 ||     1
  Use: Potion            |       |     1 |     3 ||     4
       Scroll            |       |       |     9 ||     9
 Stab: Sleeping          |     3 |     4 |       ||     7
       Distracted        |       |     1 |       ||     1
  Eat: Chunk             |       |    36 |     8 ||    44
Armor: Skin              |     7 |     6 |    15 ||    28
Dodge: Dodged            |    84 |   119 |   160 ||   363
